Map: Ruby Rock LE

Players

INexorable

  • Race: Terran Terran
  • Spawn Location: 11:00

A.I. 1 (Very Easy) - Winner!

  • Race: Terran Terran
  • Spawn Location: 5:00

VOD

Have the link to the VOD?

Description

Time

  • Played on: Dec. 22, 2025, 3:33 p.m.
  • Length: 8:47
Show
View Real Time Build Order
Export as new Build Order

INexorable Terran 

Build Orders: Cyclone Opening 

Get SALT Encoding   

  12  0:00  SCV  
  13  0:12  SCV  
  14  0:16  Supply Depot  
  14  0:24  SCV  
  15  0:38  SCV  
  15  0:39  Barracks  
  16  0:43  Refinery  
  16  0:50  SCV  
  16  0:52  Refinery  
  17  1:02  SCV  
  18  1:14  SCV  
  19  1:25  Reaper  
  19  1:26  Orbital Command  
  19  1:28  Supply Depot  
  20  1:40  Factory  
  20  1:52  SCV  
  21  1:58  Reaper  
  22  2:04  SCV  
  23  2:14  Command Center  
  23  2:16  SCV  
  24  2:24  Hellion  
  24  2:28  SCV  
  27  2:31  Supply Depot  
  27  2:32  Barracks Tech Lab  
  27  2:40  SCV  
  27  2:44  Starport  
  28  2:55  SCV  
  28  2:57  Cyclone  
  32  3:01  Refinery  
  32  3:03  Barracks Reactor  
  32  3:07  SCV  
  33  3:19  SCV  
  34  3:26  Orbital Command  
  34  3:32  SCV  
  35  3:39  Command Center  
  35  3:44  SCV  
  35  3:46  Raven  
  35  3:48  Factory Tech Lab  
  38  3:52  SCV  
  39  3:56  SCV  
  39  3:57  Marine  
  39  3:58  Marine  
  42  4:04  SCV  
  42  4:08  Siege Tank, SCV  
  47  4:15  Supply Depot  
  47  4:16  SCV  
  48  4:20  Raven, SCV  
  48  4:23  Interference Matrix  
  51  4:26  Marine  
  51  4:28  Marine, SCV  
  54  4:37  SCV  
  55  4:40  SCV  
  55  4:41  Siege Tank  
  59  4:47  Marine x2  
  59  4:49  SCV  
  59  4:51  Orbital Command  
  59  4:52  SCV  
  63  4:54  Raven  
  65  5:01  Barracks, SCV  
  65  5:04  Marine, SCV  
  65  5:05  Marine  
  69  5:11  Supply Depot  
  69  5:13  Siege Tank, SCV  
  73  5:16  SCV  
  73  5:17  SCV  
  73  5:21  Barracks  
  75  5:25  SCV  
  76  5:28  Engineering Bay x2, SCV  
  76  5:29  Orbital Command  
  76  5:34  Stimpack, Marine  
  78  5:37  SCV  
  78  5:38  Refinery  
  78  5:39  Starport Reactor  
  79  5:43  SCV, Supply Depot  
  79  5:47  Siege Tank  
  84  5:50  SCV  
  84  5:54  Terran Infantry Weapons Level 1  
  84  5:55  SCV  
  85  6:00  Terran Infantry Armor Level 1  
  85  6:03  Supply Depot  
  85  6:04  SCV x2  
  85  6:07  SCV  
  85  6:09  Supply Depot  
  88  6:12  Marine x2  
  88  6:16  SCV x2  
  88  6:17  Barracks  
  91  6:19  Barracks, SCV  
  91  6:23  Marine  
  91  6:24  Marine x2  
  91  6:25  Siege Tank  
  98  6:26  Starport Reactor  
  98  6:33  SCV x2  
  98  6:34  SCV  
  98  6:35  Marine, Supply Depot x2  
  98  6:36  Marine  
  103  6:42  Marine  
  103  6:43  Marine x2  
  103  6:44  Supply Depot  
  103  6:45  SCV  
  103  6:46  SCV x2  
  103  6:47  Sensor Tower  
  109  6:56  Marine x2, Supply Depot  
  109  6:57  Siege Tank  
  109  6:58  SCV x3  
  109  7:00  Marine  
  109  7:01  Marine  
  118  7:04  Armory  
  118  7:05  Medivac x2  
  118  7:06  Barracks Reactor x2  
  123  7:10  Marine  
  123  7:15  Combat Shield  
  124  7:17  Command Center  
  124  7:20  Refinery  
  124  7:21  Marine x3  
  127  7:23  Refinery  
  127  7:24  Marine  
  127  7:27  Marine  
  129  7:31  Sensor Tower  
  129  7:33  Siege Tank  
  129  7:35  SCV x3  
  135  7:39  Marine x3  
  135  7:42  Marine  
  139  7:46  Marine x2  
  141  7:52  Supply Depot  
  141  7:53  Medivac x2, Marine x3, SCV  
  141  7:54  Supply Depot  
  149  8:11  Supply Depot  
  149  8:12  Supply Depot  
  149  8:13  Marine x6  
  149  8:16  Marine x2  
  149  8:17  Marine  
  149  8:18  Barracks x2  
  149  8:19  Barracks  
  161  8:31  Factory  
Show
View Real Time Build Order
Export as new Build Order

A.I. 1 (Very Easy) Terran - Winner!

Build Orders:  

Get SALT Encoding   

  12  0:00  SCV  
  13  0:13  SCV  
  14  0:18  Supply Depot  
  14  0:36  Refinery  
  14  0:42  Barracks  
  14  1:03  Supply Depot  
  14  1:11  Refinery  
  14  1:29  Orbital Command, Marine  
  15  1:54  SCV  
  15  2:01  Marine  
  16  2:06  SCV  
  18  2:18  SCV  
  19  2:30  SCV  
  19  2:33  Marine  
  21  2:43  SCV  
  22  2:55  SCV  
  23  4:16  SCV  
  23  5:46  Marine, SCV  
  23  5:48  Supply Depot  
  25  5:50  Factory  
  25  6:10  SCV  
  26  6:13  Supply Depot  
  26  6:17  Barracks Tech Lab  
  26  6:22  SCV  
  24  6:34  SCV  
  24  6:35  Marine  
  24  6:36  Starport  
  26  6:42  Command Center  
  26  7:06  Marine  
  26  7:15  Starport Tech Lab  
  26  7:34  Raven  
  28  7:37  Marauder  
  30  7:54  SCV  
  30  7:58  Refinery  
  31  8:01  SCV  
  31  8:03  Refinery  
  32  8:07  Marine  
  32  8:08  Raven  
  32  8:09  SCV  
  36  8:16  SCV  
  37  8:23  SCV  
  38  8:30  SCV  
Tags
 
Matchup
TvT
Race
Terran
Spawn Locations
Cross Positions
Add a new tag
Caveats
  • Supply blocks, unpowered buildings, or Contaminate may cause inaccurate times.
  • Supply counts are checked every 10 seconds.